 Dungeon Crawl Stone Soup version 0.30-a0-1085-g990a428a5c (webtiles) character file.

Game seed: 14362663836161074404

2934 NateTC the Fighter (level 9, -4/59 HPs)
             Began as a Gargoyle Fighter on Apr 16, 2023.
             Was a Follower of Okawaru.
             Killed from afar by a steam dragon (15 damage)
             ... with a ball of steam
             ... on level 7 of the Dungeon.
             The game lasted 00:13:56 (6802 turns).

NateTC the Fighter (Gargoyle Fighter)               Turns: 6802, Time: 00:13:56

Health: -4/59      AC: 24    Str: 22    XL:     9   Next: 80%
Magic:  0/9        EV:  7    Int:  9    God:    Okawaru [*.....]
Gold:   418        SH:  6    Dex: 11    Spells: 8/8 levels left

rFire   . . .      SeeInvis .    a - +0 morningstar
rCold   . . .      Faith    .    c - +1 buckler
rNeg    + . .      Spirit   +    z - +0 plate armour
rPois   ∞          Reflect  .    r - +2 helmet
rElec   +          Rampage  .    n - +0 cloak
rCorr   .                        (no gloves)
Will    +....                    t - +0 pair of boots Stlth
                                 p - amulet of guardian spirit
HPRegen 0.29/turn                h - ring of willpower
MPRegen 0.11/turn                (no ring)

@: mighty
A: sickness immunity, AC +6, negative energy resistance 1, electricity
resistance, torment resistance 1, petrification resistance
a: Renounce Religion, Heroism


You were on level 7 of the Dungeon.
You worshipped Okawaru.
Okawaru was aware of your devotion.
You visited 2 branches of the dungeon, and saw 9 of its levels.
You also visited: Sewer.

You collected 418 gold pieces.

Inventory:

Hand Weapons
 a - a +0 morningstar (weapon)
Missiles
 x - a throwing net (quivered)
Armour
 c - a +1 buckler (worn)
 n - a +0 cloak (worn)
 r - a +2 helmet (worn)
 t - a +0 pair of boots (worn)
 z - a +0 plate armour (worn)
Jewellery
 h - a ring of willpower (left hand)
 p - an amulet of guardian spirit (around neck)
Wands
 l - a wand of iceblast (17)
 s - a wand of paralysis (14)
Scrolls
 e - a scroll of blinking
 f - 6 scrolls of teleportation
 k - a scroll of enchant armour
 u - a scroll of immolation
 y - a scroll of amnesia
 A - 3 scrolls of poison
Potions
 d - a potion of might
 i - a potion of attraction
 j - a potion of flight
 m - 2 potions of brilliance
 o - a potion of ambrosia {unknown}
 q - a potion of haste
 v - a potion of cancellation {unknown}
 w - a potion of lignification {unknown}


   Skills:
 + Level 8.2 Fighting
 * Level 7.2 Maces & Flails
 * Level 5.0 Armour
 - Level 2.5 Dodging
 - Level 7.1 Shields
 - Level 4.2 Evocations


You had 8 spell levels left.
You didn't know any spells.
Your spell library contained the following spells:

 Spells                   Type           Power      Damage    Failure   Level
 Vhi's Electric Charge    Tloc/Air       0%         N/A       100%        3
 Arcjolt                  Conj/Air       0%         1d10      100%        5
 Plasma Beam              Fire/Air       0%         2x1d11    100%        6


Dungeon Overview and Level Annotations

Branches:
Dungeon (8/15) Zot: 26978  Temple (1/1) D:6 Zot: 5676   Sewer (visited)
   Lair: D:8-11

Altars:
Ashenzari
Cheibriados
Dithmenos
Elyvilon
Fedhas
Gozag
Hepliaklqana
Kikubaaqudgha
Makhleb
Nemelex Xobeh
Okawaru
Qazlal
Ru
Sif Muna
Trog
Uskayaw
Vehumet
Wu Jian
Yredelemnul
The Shining One

Annotations:
D:5 3 runed translucent doors, BlueFish's ghost, amateur OpWr


Innate Abilities, Weirdness & Mutations

You are immune to sickness and miasma.
Your stone body is resilient. (AC +6)
You are immune to poison.
You resist negative energy. (rN+)
You are resistant to electric shocks. (rElec)
You are resistant to unholy torment.
You are immune to petrification.


Message History

* * * LOW HITPOINT WARNING * * *
You block the steam dragon's attack.
The steam dragon claws you but does no damage.
The steam dragon attacks as you move away!
The steam dragon closely misses you.
The steam dragon claws you but does no damage.
You are engulfed in a cloud of scalding steam.
* * * LOW HITPOINT WARNING * * *
There is a stone staircase leading up here.
You feel better.
The steam dragon bites you but does no damage.
The steam dragon claws you but does no damage.
The steam dragon completely misses you. You block the steam dragon's attack.
You climb upwards.
There is a stone staircase leading down here.
You feel better.
The steam dragon bites you but does no damage.
The steam dragon claws you but does no damage.
You feel better. The steam dragon breathes steam at you.
The ball of steam misses you.
You feel very mighty all of a sudden.
You are engulfed in a cloud of scalding steam.
The steam dragon closely misses you.
The steam dragon claws you but does no damage.
You closely miss the steam dragon.
The steam dragon is lightly wounded.
You are engulfed in a cloud of scalding steam.
The steam dragon closely misses you. The steam dragon claws you.
You sock the steam dragon!
The steam dragon is heavily wounded.
The steam dragon bites you.
The steam dragon claws you but does no damage.
You completely miss the steam dragon.
The steam dragon is heavily wounded.
You are engulfed in a cloud of scalding steam.
* * * LOW HITPOINT WARNING * * *
The steam dragon breathes steam at you. The ball of steam hits you!
You die...

####..#
#########.#
##.##..# #.#
##.#.#..# #.#
##.###...# #.#
#.## ##..# #.#
##.###.#.######
#.##
##.#.##......#
#..#
##.########D#
##.# #.# #@#
#.# #.# #.# #.#
#.# #.# #)# #.#
#§# #.# #.# #§#
####.# #.# #.#
#....# #.#
######.# #.####
###.###.)....#
#.#
#.....#.######
###.#


You could see a steam dragon (catching breath).

Vanquished Creatures
  Prince Ribbit (D:6)
  A hornet (D:7)
  Grinder (D:6)
  Sigmund (D:3)
  A sky beast (D:6)
  2 black bears
  2 orc warriors (D:7)
  An ice beast (D:7)
  2 ogres (D:6)
  A centaur (D:6)
  3 phantoms
  A gnoll sergeant (D:2)
  A scorpion (D:4)
  4 killer bees (D:7)
  An electric eel (D:6)
  A howler monkey (D:7)
  A jelly (D:6)
  4 hounds
  2 orc priests (D:7)
  3 iguanas
  3 orc wizards (D:7)
  2 sleepcaps (D:6)
  Natasha (D:4)
  A hell rat (Sewer)
  11 gnolls
  11 adders
  3 white imps
  An ufetubus (D:4)
  A worm (D:3)
  2 dart slugs
  17 orcs
  7 endoplasms
  5 giant cockroaches
  5 goblins
  3 hobgoblins
  10 kobolds
  5 quokkas
  11 ball pythons
  6 frilled lizards
  13 rats
152 creatures vanquished.

Notes
Turn   | Place    | Note
-------+----------+-------------------------------------------
     0 | D:1      | NateTC the Gargoyle Fighter began the quest for the Orb.
     0 | D:1      | Reached XP level 1. HP: 14/14 MP: 1/1
    92 | D:1      | Found a faded altar of an unknown god.
    96 | D:1      | Reached XP level 2. HP: 19/19 MP: 2/2
   651 | D:2      | Reached XP level 3. HP: 23/23 MP: 3/3
  1309 | D:3      | Reached XP level 4. HP: 25/28 MP: 4/4
  1341 | D:3      | Noticed a gnoll sergeant
  1361 | D:2      | Killed a gnoll sergeant
  1362 | D:2      | Reached skill level 1 in Dodging
  1362 | D:2      | Reached XP level 5. HP: 16/32 MP: 5/5
  1996 | D:3      | Noticed Sigmund
  2012 | D:3      | Killed Sigmund
  2013 | D:3      | Reached skill level 5 in Shields
  2013 | D:3      | Reached XP level 6. HP: 23/37 MP: 6/6
  2363 | D:4      | Reached XP level 7. HP: 40/41 MP: 7/7
  2377 | D:4      | Reached skill level 5 in Armour
  2456 | D:4      | Noticed Natasha
  2460 | D:4      | Killed Natasha
  2771 | D:4      | Reached skill level 4 in Fighting
  3252 | D:5      | Entered Level 5 of the Dungeon
  3325 | D:5      | Found a glowing drain.
  3335 | D:5      | Reached XP level 8. HP: 47/48 MP: 8/8
  3355 | Sewer    | Entered a sewer
  3644 | D:5      | Found a runed translucent gate.
  3644 | D:5      | Noticed BlueFish's ghost (amateur OpWr)
  3722 | D:5      | Reached skill level 5 in Fighting
  3988 | D:5      | Found a runed translucent gate.
  3989 | D:5      | Found a runed translucent gate.
  4023 | D:5      | Found a hide-covered altar of Uskayaw.
  4032 | D:5      | Found a glowing golden altar of the Shining One.
  4284 | D:6      | Reached skill level 1 in Evocations
  4503 | D:6      | Noticed Grinder
  4520 | D:6      | Paralysed by Grinder for 4 turns
  4541 | D:6      | Killed Grinder
  4542 | D:6      | Reached skill level 6 in Fighting
  4590 | D:6      | Reached skill level 5 in Maces & Flails
  4678 | D:6      | Noticed Prince Ribbit
  4689 | D:6      | Killed Prince Ribbit
  4690 | D:6      | Reached skill level 7 in Fighting
  4690 | D:6      | Reached XP level 9. HP: 57/57 MP: 9/9
  4899 | D:6      | Found a staircase to the Ecumenical Temple.
  4915 | Temple   | Entered the Ecumenical Temple
  5167 | Temple   | Became a worshipper of Warmaster Okawaru
  5545 | D:6      | Found an ancient bone altar of Kikubaaqudgha.
  5572 | D:6      | Found a snail-covered altar of Cheibriados.
  6106 | D:7      | Noticed a hornet
  6117 | D:7      | Killed a hornet
  6118 | D:7      | Reached skill level 8 in Fighting
  6173 | D:7      | Reached * piety under Okawaru
  6802 | D:7      | Killed from afar by a steam dragon

Illustrated notes

Levels and vault maps discovered:
D:1:      minmay_arrival_checkered_box, layout_loops_ring,
          ebering_ecumenical_altar_hall
D:2:      layout_loops_cross, minmay_quantized
D:3:      layout_loops_ring, kennysheep_generic_room_16, uniq_sigmund
D:4:      kennysheep_six_static_rooms, layout_rooms, uniq_natasha
D:5:      wander_river, layout_basic, mainiacjoe_overflow_swirl,
          biasface_ghost_orc_armoury, portal_sewer_entry_f,
          minmay_misc_feat_roman
D:6:      layout_basic, mainiacjoe_overflow_large_starburst, temple_fountains,
          nrook_pool_corridor, minmay_hedge_maze, grunt_ministairs_8,
          uniq_grinder, uniq_prince_ribbit1
D:7:      layout_loops_ring, chequers_serial_rivers_room_b
D:8:      kennysheep_steamy, layout_layer_cave, zin_purify, uniq_joseph
Temple:   compressed_dpeg_triangle_lava_temple

Skill      XL: |  1  2  3  4  5  6  7  8  9 |
---------------+----------------------------+-----
Shields        | 4 5 6 7 |  7.1
Armour         | 4 5 |  5.0
Dodging        | 1 2 |  2.5
Maces & Flails | 3 4 5 7 |  7.2
Fighting       | 4 7 8 |  8.2
Evocations     | 3 4 |  4.2

Action                     |  1- 3 |  4- 6 |  7- 9 || total
---------------------------+-------+-------+-------++-------
  Melee: Flail             |   127 |    46 |       ||   173
         Morningstar       |       |    66 |   516 ||   582
    Use: Scroll            |     4 |     2 |    10 ||    16
         Potion            |       |     2 |     6 ||     8
 Armour: Scale mail        |    63 |    60 |   391 ||   514
         Plate armour      |       |       |    17 ||    17
  Dodge: Dodged            |    54 |    54 |   319 ||   427
  Block: Buckler           |    28 |    27 |   221 ||   276

Table legend: (Time is in decaauts)
 A = Elapsed time spent in this place.
 B = Non-inter-level travel time spent in this place.
 C = Inter-level travel time spent in this place.
 D = Time resting spent in this place.
 E = Time spent auto-exploring this place.
 F = Levels seen in this place.
 G = Mean time per level.
                   A        B        C        D        E       F      G
               +--------+--------+--------+--------+--------+-----+--------+
         Total |   7062 |   6768 |    294 |    884 |   3966 |  10 |  706.2 |
       Dungeon |   6614 |   6335 |    279 |    884 |   3645 |   8 |  826.8 |
        Temple |    323 |    308 |     15 |      0 |    266 |   1 |  323.0 |
         Sewer |    124 |    124 |      0 |      0 |     55 |   1 |  124.0 |
               +--------+--------+--------+--------+--------+-----+--------+

Top non-repeatable levels by time:
     D:7: 1206 daAuts
     D:6: 1055 daAuts
     D:3: 977 daAuts
     D:5: 959 daAuts
     D:4: 888 daAuts
     D:2: 852 daAuts
     D:1: 661 daAuts
  Temple: 323 daAuts
   Sewer: 124 daAuts
     D:8: 13 daAuts
